 Dungeon Crawl Stone Soup version 0.26-a0-652-gafc20e3620 (webtiles) character file.

Game seed: 14017771390584824209

11 looop the Conjurer (level 2, -1/17 HPs)
             Began as an Octopode Conjurer on Oct 3, 2020.
             Slain by a jackal (3 damage)
             ... on level 1 of the Dungeon.
             The game lasted 00:00:32 (77 turns).

looop the Conjurer (Octopode Conjurer)                Turns: 77, Time: 00:00:33

Health: -1/17      AC:  1    Str:  6    XL:     2   Next: 29%
Magic:  2/5        EV: 13    Int: 20    God:
Gold:   0          SH:  0    Dex: 10    Spells: 4/5 levels left

rFire    . . .     SeeInvis .   (no weapon)
rCold    . . .     Faith    .   (no shield)
rNeg     . . .     Spirit   .   (helmet restricted)
rPois    .         Reflect  .   (no amulet)
rElec    .         Harm     .   (no ring)
rCorr    .         Rampage  .   (no ring)
MR       .....                  (no ring)
Stlth    +++.......             (no ring)
HPRegen  0.05/turn              (no ring)
MPRegen  0.09/turn              (no ring)
                                (no ring)
                                (no ring)

@: no status effects
A: almost no armour, stealthy swim, amphibious, 8 rings, constrict 8, camouflage
1, gelatinous body 1
a: no special abilities


You were on level 1 of the Dungeon.
You visited 1 branch of the dungeon, and saw 1 of its levels.

Inventory:

Scrolls
 a - a scroll of remove curse {unknown}


   Skills:
 - Level 2.0 Dodging
 - Level 2.6 Stealth
 + Level 2.2 Spellcasting
 * Level 4.3 Conjurations


You had 4 spell levels left.
You knew the following spells:

 Your Spells              Type           Power        Failure   Level
a - Magic Dart            Conj           ###.         2%          1

Your spell library contained the following spells:

 Spells                   Type           Power        Failure   Level
 Searing Ray              Conj           ###...       3%          2
 Dazzling Flash           Conj/Hex       ##....       19%         3
 Fulminant Prism          Conj/Hex       ##........   52%         4
 Iskenderun's Mystic Bla  Conj/Tloc      ##......     52%         4


Dungeon Overview and Level Annotations

Branches:
Dungeon (1/15)

Altars:


Innate Abilities, Weirdness & Mutations

You cannot wear most types of armour.
You are very stealthy in the water. (Stealth+)
You are amphibious.
You can wear up to eight rings at the same time.
You can use your tentacles to constrict eight enemies at once.
Your skin changes colour to match your surroundings (Stealth+).
Your rubbery body absorbs attacks. (AC +1, EV +1)


Message History

The jackal barely misses you. The jackal bites you.
* * * LOW HITPOINT WARNING * * *
The jackal misses you.
You tentacle-slap the jackal. Your grab misses the jackal.
The jackal is moderately wounded.
The jackal closely misses you. The jackal bites you.
* * * LOW HITPOINT WARNING * * *
You tentacle-slap the jackal but do no damage.
Your grab misses the jackal. The jackal bites you.
* * * LOW HITPOINT WARNING * * *
You barely miss the jackal. Your grab misses the jackal.
The jackal barely misses you. x2
You tentacle-slap the jackal. Your grab misses the jackal.
The jackal is moderately wounded.
You closely miss the jackal. Your grab misses the jackal.
The jackal is moderately wounded.
The jackal barely misses you. The jackal misses you. The jackal bites you.
You die...

. #. #.# ..
#h########### ..
#h##.†.......
#.##.########
#.##.####
#.....h.#
####.##S#
#..#.#########
##.#hh@......#
.##.#.#.#####..#
...............
..#####'#####..
...#PPP#.#PPP#..
...#P⌠P#.#P⌠P#..
#..#PPP#.#PPP#..
..#####.#####..
..+....<....+..


You could see 2 jackals.

Vanquished Creatures
  A gnoll (D:1)
  A giant cockroach (D:1)
  A rat (D:1)
3 creatures vanquished.

Notes
Turn   | Place    | Note
-------+----------+-------------------------------------------
     0 | D:1      | looop the Octopode Conjurer began the quest for the Orb.
     0 | D:1      | Reached XP level 1. HP: 11/11 MP: 3/3
    54 | D:1      | Reached XP level 2. HP: 7/17 MP: 0/5
    77 | D:1      | Slain by a jackal

Illustrated notes

Levels and vault maps discovered:
D:1:      beargit_arrival_greenhouse, layout_loops_ring, minmay_split_cup_small

Action                   || total
-------------------------++-------
Melee: Unarmed           ||    10
       Constrict         ||     2
       Tentacles         ||     1
 Cast: Magic Dart        ||     4
 Stab: Sleeping          ||     1
Armor: Skin              ||     2
Dodge: Dodged            ||    16

Table legend: (Time is in decaauts)
 A = Elapsed time spent in this place.
 B = Non-inter-level travel time spent in this place.
 C = Inter-level travel time spent in this place.
 D = Time resting spent in this place.
 E = Time spent auto-exploring this place.
 F = Levels seen in this place.
 G = Mean time per level.
                   A        B        C        D        E       F      G
               +--------+--------+--------+--------+--------+-----+--------+
         Total |     77 |     77 |      0 |      0 |     31 |   1 |   77.0 |
       Dungeon |     77 |     77 |      0 |      0 |     31 |   1 |   77.0 |
               +--------+--------+--------+--------+--------+-----+--------+

Top non-repeatable levels by time:
     D:1: 77 daAuts
